 Dungeon Crawl Stone Soup version 0.16.1-28-gcc2312f (webtiles) character file.

95 mofao the Shooter (level 4, -2/29 HPs)
             Began as a High Elf Hunter on June 1, 2015.
             Slain by Grinder (6 damage)
             ... while paralysed by something
             ... on level 3 of the Dungeon.
             The game lasted 00:26:07 (2227 turns).

mofao the Shooter (High Elf Hunter)                 Turns: 2227, Time: 00:26:07

Health: -2/29      AC:  4    Str: 11    XL:     4   Next: 39%
Magic:  7/7        EV:  2    Int: 14    God:
Gold:   36         SH:  0    Dex: 17    Spells: 0 memorised, 3 levels left

rFire  . . .     SeeInvis .     c - +3 short sword
rCold  . . .     Clarity  .     d - +0 leather armour
rNeg   . . .     SustAb   .     (no shield)
rPois  +         Gourm    .     m - +0 helmet
rElec  .         Spirit   .     (no cloak)
rCorr  .         Warding  .     (no gloves)
rMut   +         Stasis   .     (no boots)
MR     .....                    h - amulet of resist mutation
Stlth  ++........               (no ring)
                                g - ring of poison resistance

@: paralysed, not resistant to hostile enchantments, unstealthy
A: no striking features
a: no special abilities


You were on level 3 of the Dungeon.
You were not hungry.

You visited 1 branch of the dungeon, and saw 3 of its levels.

You collected 36 gold pieces.

Inventory:

Hand weapons
 a - a +0 mace
 b - a +1 shortbow
 c - a +3 short sword (weapon)
Missiles
 p - an arrow
Armour
 d - a +0 leather armour (worn)
 j - a +0 plate armour
 m - a +0 helmet (worn)
 n - a +0 animal skin
 o - a +0 helmet
Jewellery
 g - a ring of poison resistance (left hand)
 h - an amulet of resist mutation (around neck)
Scrolls
 e - a scroll of identify
 k - a scroll of magic mapping
Potions
 i - a potion of ambrosia
 l - a potion of restore abilities
Comestibles
 f - 3 bread rations


   Skills:
 + Level 2.0 Fighting
 + Level 0.2 Short Blades
 + Level 7.2 Bows
 + Level 1.1 Armour
 * Level 2.5 Dodging
 + Level 1.1 Stealth


You had 3 spell levels left.
You didn't know any spells.

Dungeon Overview and Level Annotations

Branches:
Dungeon (3/15)

Altars:
Zin

Annotations:
D:3 Grinder


Message History

Firing (i - inventory):
p - 2 arrows (quivered)
Press: ? - help, Shift-Dir - straight line, f/p - Grinder
Aim: Grinder (lightly wounded)
You shoot an arrow. The arrow hits Grinder.
Grinder is lightly wounded.
Grinder is nearby!
Wield which item (- for none, * to show all)? (? for menu, Esc to quit)
c - a +3 short sword (weapon)
Grinder says, "What is the universe for?"
Grinder zaps a wand.
Grinder flickers and vanishes!
Deactivating autopickup; reactivate with Ctrl-A.
It is a wand of invisibility.
You hit something but do no damage.
Something tries to affect you, but you resist.
You hit something. Something hits you.
You writhe in agony.
You hit something.
You suddenly lose the ability to move!
Something hits you!
You writhe in agony.
* * * LOW HITPOINT WARNING * * *
Something hits you.
You die...

. #...........%
#......#######
#.##.#.......
#.##.#.###.. #
#<##.#.#..(
#......##.#.#.(
#.....###.#.#.#
.........†...#.#
...........#<#@##
..####....#....#
. #....#....#
#....#.##†#
#....#.#..#
####.#....#
..###..# ..# ####


There were no monsters in sight!

Vanquished Creatures
  Robin (D:2)
  3 adders
  A giant mite (D:2)
  A worm (D:2)
  2 giant geckos
  4 ball pythons
  14 goblins
  4 hobgoblins
  2 bats
  8 kobolds (D:2)
  5 rats
45 creatures vanquished.

Notes
Turn   | Place    | Note
--------------------------------------------------------------
     0 | D:1      | mofao, the High Elf Hunter, began the quest for the Orb.
     0 | D:1      | Reached XP level 1. HP: 14/14 MP: 2/2
   513 | D:1      | Reached XP level 2. HP: 9/19 MP: 3/3
   519 | D:1      | Reached skill level 6 in Bows
  1027 | D:2      | Reached XP level 3. HP: 18/24 MP: 5/5
  1583 | D:2      | Found a glowing silver altar of Zin.
  1767 | D:2      | Reached skill level 7 in Bows
  1772 | D:2      | Noticed Robin
  1786 | D:2      | Reached XP level 4. HP: 19/29 MP: 7/7
  1796 | D:2      | Killed Robin
  1842 | D:2      | Reached skill level 1 in Armour
  2218 | D:3      | Noticed Grinder
  2225 | D:3      | Paralysed by something for 6 turns
  2227 | D:3      | Slain by Grinder

Action                   |  1- 3 |  4- 6 || total
-------------------------+-------+-------++-------
Melee: Short sword       |    21 |    19 ||    40
 Fire: Shortbow          |    86 |     7 ||    93
  Use: Scroll            |     4 |     1 ||     5
       Potion            |     1 |       ||     1
  Eat: Bread ration      |     1 |       ||     1
